 Dungeon Crawl Stone Soup version 0.29.1-15-g9cfb28693d (webtiles) character file.

Game seed: 4703125674965595807

162 QwertyIsDirtey the Slasher (level 5, -2/47 HPs)
             Began as a Minotaur Berserker on Mar 24, 2023.
             Was a Believer of Trog.
             Slain by an orc wizard
             ... wielding a +0 dagger
              (3 damage)
             ... on level 3 of the Dungeon.
             The game lasted 00:06:53 (2054 turns).

QwertyIsDirtey the Slasher (Minotaur Berserker)     Turns: 2054, Time: 00:06:53

Health: -2/47      AC:  9    Str: 24    XL:     5   Next: 19%
Magic:  4/4        EV:  9    Int:  4    God:    Trog [**....]
Gold:   68         SH:  0    Dex:  9    Spells: 4/4 levels left

rFire   . . .      SeeInvis .   a - +0 falchion
rCold   . . .      Faith    .   (no shield)
rNeg    . . .      Spirit   .   o - +0 chain mail
rPois   .          Reflect  .   (helmet restricted)
rElec   .          Harm     .   (no cloak)
rCorr   .          Rampage  .   (no gloves)
Will    .....                   (no boots)
Stlth   ..........              (no amulet)
HPRegen 0.15/turn               (no ring)
MPRegen 0.09/turn               (no ring)

@: no status effects
A: horns 2, retaliatory headbutt
a: Renounce Religion, Berserk, Trog's Hand


You were on level 3 of the Dungeon.
You worshipped Trog.
Trog was pleased with you.
You visited 1 branch of the dungeon, and saw 3 of its levels.

You collected 68 gold pieces.

Inventory:

Hand Weapons
 a - a +0 falchion (weapon)
 q - a +0 shortbow
Missiles
 e - 8 poisoned darts (quivered)
Armour
 b - a +0 animal skin
 k - a +0 leather armour
 o - a +0 chain mail (worn)
Magical Staves
 l - a staff of conjuration
Scrolls
 d - a scroll of silence {unknown}
 f - a scroll of teleportation {unknown}
 g - 2 scrolls of identify {unknown}
 i - a scroll of brand weapon {unknown}
 m - a scroll of fear {unknown}
 n - a scroll of magic mapping {unknown}
 p - a scroll of fog {unknown}
Potions
 c - a potion of might {unknown}
 h - a potion of curing {unknown}
 j - 2 potions of lignification {unknown}


   Skills:
 + Level 4.9 Fighting
 + Level 5.1 Long Blades
 + Level 3.6 Armour
 + Level 3.0 Dodging


You had 4 spell levels left.
You didn't know any spells.
Your spell library contained the following spells:

 Spells                   Type           Power      Damage    Failure   Level
 Magic Dart               Conj           0%         1d3       99%         1
 Call Imp                 Summ           0%         N/A       99%         2
 Mephitic Cloud           Conj/Pois/Air  0%         N/A       100%        3
 Freezing Cloud           Conj/Ice/Air   0%         6-21      100%        5
 Iron Shot                Conj/Erth      0%         9d1       100%        6


Dungeon Overview and Level Annotations

Branches:
Dungeon (3/15)

Altars:


Innate Abilities, Weirdness & Mutations

You have a pair of horns on your head.
You reflexively headbutt those who attack you in melee.


Message History

Unknown command.
You closely miss something.
The jackal barks!
Your headbutt misses something.
You hear a bark!
Something hits you but does no damage.
You miss something. Your headbutt misses something.
Something hits you but does no damage.
You miss something. Your headbutt misses something.
Something hits you but does no damage.
Unknown command.
You miss something. Something hits you but does no damage.
A jackal comes into view.
The jackal barks!
You hit something but do no damage.
You hear a bark!
Something hits you but does no damage.
You closely miss something. Your headbutt misses something.
Something hits you but does no damage.
You miss something. You headbutt something.
You hear some strange, mumbled words.
A puff of flame appears from out of thin air!
The puff of flame hits you!
* * * LOW HITPOINT WARNING * * *
You barely miss something. Something hits you.
* * * LOW HITPOINT WARNING * * *
You barely miss something. Something hits you but does no damage.
Unknown command.
You barely miss something. Your headbutt misses something.
Something hits you but does no damage.
You miss something. You headbutt something. Something hits you.
* * * LOW HITPOINT WARNING * * *
You closely miss something. Something hits you but does no damage.
You hit something. Your headbutt misses something.
Something hits you but does no damage.
You hit something but do no damage. You headbutt something.
Something hits you but does no damage.
Unknown command.
You barely miss something. Your headbutt misses something. Something hits you.
You die...

.....# ....# #..!# #...#
#...# #...#
############...##########
....hSo{@................
....h####################
..!.. .............. .
... .............# #..
####.#.......# #.#
#.#.......# #..###
#.#.......# ...#
#.....(...#
#.#####.##.####.#


You could see an adder, an orc and 2 jackals.

Vanquished Creatures
  A centaur (D:3)
  Jessica (D:2)
  An orc wizard (D:3)
  An adder (D:3)
  An orc (D:3)
  A bat (D:3)
  An endoplasm (D:2)
  A giant cockroach (D:1)
  A goblin (D:2)
  3 hobgoblins
  3 kobolds
  A quokka (D:1)
  2 ball pythons
  A frilled lizard (D:3)
  6 rats
25 creatures vanquished.

Notes
Turn   | Place    | Note
-------+----------+-------------------------------------------
     0 | D:1      | QwertyIsDirtey the Minotaur Berserker began the quest for
                  | the Orb.
     0 | D:1      | Reached XP level 1. HP: 19/19 MP: 0/0
   778 | D:1      | Reached XP level 2. HP: 21/27 MP: 1/1
  1011 | D:2      | Reached skill level 4 in Long Blades
  1054 | D:2      | Found a faded altar of an unknown god.
  1210 | D:2      | Got the Precepts of the Barrage
  1528 | D:2      | Noticed Jessica
  1534 | D:2      | Killed Jessica
  1535 | D:2      | Reached XP level 3. HP: 20/33 MP: 2/2
  1898 | D:3      | Noticed a centaur
  1907 | D:3      | Killed a centaur
  1908 | D:3      | Reached skill level 5 in Long Blades
  1908 | D:3      | Reached XP level 4. HP: 14/41 MP: 3/3
  2034 | D:3      | Reached ** piety under Trog
  2035 | D:3      | Reached XP level 5. HP: 13/47 MP: 4/4
  2047 | D:3      | HP: 1/47 [something (2)]
  2054 | D:3      | Slain by an orc wizard

Illustrated notes

Levels and vault maps discovered:
D:1:      dpeg_arrival_three_smaller_balls, layout_basic
D:2:      layout_basic, ebering_ecumenical_altar_hall, interstate_on_off,
          uniq_jessica
D:3:      layout_basic

Skill      XL: |  1  2  3  4 |
---------------+-------------+-----
Fighting       | 4 |  4.9
Long Blades    | 4 5 |  5.1
Armour         | 3 |  3.6
Dodging        | 3 |  3.0

Action                   |  1- 3 |  4- 6 || total
-------------------------+-------+-------++-------
Melee: Falchion          |    44 |    51 ||    95
       Headbutt          |     9 |     6 ||    15
Armor: Animal skin       |     1 |       ||     1
       Leather armour    |     8 |       ||     8
       Chain mail        |     9 |    35 ||    44
Dodge: Dodged            |    44 |     8 ||    52
